 Dungeon Crawl Stone Soup version 0.26-a0-610-g3e9335bbc7 (webtiles) character file.

Game seed: 7801843841802567268

15117 Gargoyl the Fighter (level 12, -13/97 HPs)
             Began as a Gnoll Abyssal Knight on Sept 4, 2020.
             Was a High Priest of Lugonu.
             Mangled by a minotaur
             ... wielding the +7 broad axe of Haavoan {elec, *Noise rC- Int+3 Dex+3}
              (35 damage)
             ... in a Gauntlet.
             The game lasted 00:17:22 (11499 turns).

Gargoyl the Fighter (Gnoll Abyssal Knight)         Turns: 11499, Time: 00:17:23

Health: -13/97     AC: 21    Str: 23    XL:     12   Next: 23%
Magic:  24/24      EV: 15    Int: 12    God:    Lugonu [*****.]
Gold:   1168       SH:  0    Dex: 17    Spells: 25/25 levels left

rFire    + . .     SeeInvis .   y - +5 lajatang "Kenol" {venom, rC+ Str+5 Dex+2}
rCold    + . .     Faith    .   (shield currently unavailable)
rNeg     . . .     Spirit   .   c - +6 scale mail "Zocs" {rF+ MR+}
rPois    .         Reflect  .   s - +0 helmet
rElec    .         Harm     .   m - +2 cloak
rCorr    .         NoTele   +   (no gloves)
MR       +....                  f - +1 pair of boots
Stlth    ++........             v - amulet of regeneration
HPRegen  0.66/turn              q - ring of flight
MPRegen  0.19/turn              (no ring)

@: no status effects
A: distributed training, fangs 1, dopey 2, high mp 1, strong nose
a: Depart the Abyss, Bend Space, Banish, Corrupt, Enter the Abyss, Renounce
Religion, Evoke Flight


You were in a Gauntlet.
You worshipped Lugonu.
Lugonu was extremely pleased with you.
You visited 1 branch of the dungeon, and saw 11 of its levels.
You visited the Abyss 1 time.
You also visited: Gauntlet.

You collected 1168 gold pieces.

Inventory:

Hand Weapons
 i - a +3 dire flail of draining
 p - a +4 hand axe of freezing
 y - the +5 lajatang "Kenol" (weapon) {venom, rC+ Str+5 Dex+2}
   (You acquired it on level 10 of the Dungeon)

   It poisons the flesh of those it strikes.
   It affects your strength (+5).
   It affects your dexterity (+2).
   It protects you from cold.
Missiles
 e - 16 boomerangs (quivered)
Armour
 c - the +6 scale mail "Zocs" (worn) {rF+ MR+}
   (You found it on level 2 of the Abyss)

   It protects you from fire.
   It affects your resistance to hostile enchantments.
 f - a +1 pair of boots (worn)
 m - a +2 cloak (worn)
 s - a +0 helmet (worn)
Jewellery
 q - a ring of flight (left hand)
 v - an amulet of regeneration (around neck)
 B - an uncursed ring of wizardry
 D - an uncursed amulet of the acrobat {unknown}
Wands
 a - a wand of polymorph (14)
 k - a wand of flame (29)
 A - a wand of iceblast (10)
Scrolls
 g - a scroll of identify
 h - a scroll of blinking
 n - a scroll of fear
 o - 3 scrolls of magic mapping
 r - a scroll of remove curse
 u - 2 scrolls of teleportation
 E - a scroll of holy word
Potions
 b - 2 potions of haste
 d - 2 potions of might
 j - 2 potions of resistance {unknown}
 l - 5 potions of curing {unknown}
 t - 3 potions of flight {unknown}
 w - 2 potions of heal wounds {unknown}
 x - 2 potions of invisibility
 z - a potion of magic
 C - 2 potions of lignification {unknown}


   Skills:
 + Level 9.7 Fighting
 + Level 7.1 Short Blades
 + Level 7.1 Long Blades
 + Level 8.5 Axes
 + Level 7.1 Maces & Flails
 + Level 7.1 Polearms
 + Level 7.1 Staves
 + Level 7.1 Slings
 + Level 7.1 Bows
 + Level 7.1 Crossbows
 + Level 7.1 Throwing
 + Level 8.5 Armour
 + Level 7.6 Dodging
 + Level 7.1 Stealth
 + Level 7.1 Shields
 + Level 7.1 Unarmed Combat
 + Level 7.1 Spellcasting
 + Level 5.9 Conjurations
 + Level 5.9 Hexes
 + Level 5.9 Summonings
 + Level 5.9 Necromancy
 + Level 5.9 Translocations
 + Level 5.9 Transmutations
 + Level 5.9 Fire Magic
 + Level 5.9 Ice Magic
 + Level 5.9 Air Magic
 + Level 5.9 Earth Magic
 + Level 5.9 Poison Magic
 + Level 9.1 Invocations
 + Level 7.1 Evocations


You had 25 spell levels left.
You didn't know any spells.
Your spell library contained the following spells:

 Spells                   Type           Power        Failure   Level
 Animate Skeleton         Necr           ###...       3%          1
 Apportation              Tloc           ###...       3%          1
 Corona                   Hex            ###....      3%          1
 Sandblast                Erth           ###...       3%          1
 Summon Small Mammal      Summ           ###.         3%          1
 Call Imp                 Summ           ###.....     4%          2
 Passwall                 Tmut/Erth      ###.....     4%          2
 Call Canine Familiar     Summ           ###.....     10%         3
 Stone Arrow              Conj/Erth      ###...       10%         3
 Summon Guardian Golem    Hex/Summ       ###.....     10%         3
 Petrify                  Tmut/Erth      ###.....     30%         4
 Summon Ice Beast         Ice/Summ       ###.....     30%         4
 Summon Lightning Spire   Summ/Air       ###.....     30%         4
 Lee's Rapid Deconstruct  Erth           ###.......   65%         5


Dungeon Overview and Level Annotations

Branches:
Dungeon (11/15)            Temple (0/1) D:5            Lair (0/6) D:11
    Orc (0/2) D:10        Gauntlet (1/1)

Altars:
Ashenzari
Fedhas
Kikubaaqudgha
Okawaru
Ru
Sif Muna
Wu Jian
Xom
Zin

Shops:
D:4 *   D:7 !*

Annotations:
Gauntlet 20 runed translucent doors, 4 transporters, corrupted


Innate Abilities, Weirdness & Mutations

Your experience applies equally to all skills.
You have very sharp teeth.
Your uncanny sense of smell can sniff out nearby items.
You are very dopey. (Int -4)
You have an increased reservoir of magic. (+10% MP)


Message History

You hit the minotaur.
The minotaur is poisoned.
The minotaur is lightly wounded.
The minotaur hits you with the +7 broad axe of Haavoan {elec, *Noise rC- Int+3 Dex+3}!!
The minotaur gores you but does no damage.
You hit the minotaur but do no damage.
The minotaur looks as sick as possible!
You bite the minotaur, but do no damage.
The minotaur is lightly wounded.
The minotaur hits you with the +7 broad axe of Haavoan {elec, *Noise rC- Int+3 Dex+3}!
You are electrocuted!
The minotaur closely misses you.
You slash the minotaur!
The minotaur looks as sick as possible!
The minotaur is moderately wounded.
The minotaur hits you with the +7 broad axe of Haavoan {elec, *Noise rC- Int+3 Dex+3}!
* * * LOW HITPOINT WARNING * * *
The minotaur barely misses you.
You slice the minotaur!!
The minotaur looks as sick as possible!
The minotaur is severely wounded.
You slice the minotaur!! You bite the minotaur.
The minotaur is almost dead.
The minotaur hits you with the +7 broad axe of Haavoan {elec, *Noise rC- Int+3 Dex+3}!!
You die...

#≈8≈#..#
#######...#..#
#....##.8.#..#
#.##.##...#..#
#.##....8.#..#
#######.##.##...#.§#
#≈≈≈#.#....##...#..#
#≈≈.#.#.##.##.©.#≈§§
#≈H@..'(##......#∩.§
#≈≈.#.#.##.##.©.#≈..
#≈≈≈#.#....##...#..#
#######.##.##...#..#
#.##....8.#..#
#.##.##...#..#
#....##.8§#..#
#######..§#..#
#≈8§#..#


You could see a minotaur (extremely poisoned).

Vanquished Creatures
  Erolcha (D:10)
  A catoblepas (Gauntlet)
  3 two-headed ogres
  2 sixfirhies (Gauntlet)
  An ugly thing (D:11)
  3 trolls
  A hornet (D:10)
  A vampire (D:10)
  Eustachio (D:5)
  A wraith (D:10)
  9 yaks
  A wyvern (D:7)
  Grum (D:9)
  Edmund (D:4)
  7 orc warriors
  10 ogres
  3 ice beasts
  A phantom (D:10)
  6 sky beasts
  A black bear (D:10)
  An eye of draining (D:10)
  3 wolves (D:9)
  9 centaurs
  5 big kobolds (D:10)
  5 bullfrogs
  A gnoll sergeant (D:10)
  2 scorpions
  14 killer bees
  11 wights
  3 howler monkeys (D:8)
  A vampire bat (D:6)
  2 centaur zombies
  A quasit (D:8)
  7 hounds
  2 jellies
  12 orc priests
  2 bullfrog skeletons
  8 orc wizards
  5 iguanas
  6 worker ants
  2 hound skeletons
  A howler monkey zombie (D:7)
  2 worker ant zombies
  A howler monkey skeleton (D:4)
  13 gnolls
  13 adders
  A shadow imp (D:6)
  7 white imps
  3 ufetubi
  An ooze (D:5)
  An adder zombie (D:6)
  2 adder skeletons
  6 worms
  2 dart slugs (D:1)
  3 leopard geckos
  31 orcs
  5 giant cockroaches
  8 goblins
  5 hobgoblins
  19 jackals
  6 quokkas
  2 ball pythons
  A ball python skeleton (D:5)
  13 bats
  2 frilled lizards
  A jackal skeleton (D:9)
  15 kobolds
  A leopard gecko zombie (D:8)
  A quokka zombie (D:8)
  7 rats
330 creatures vanquished.

Vanquished Creatures (others)
  A queen ant (Gauntlet)
  A wolf spider (shapeshifter) (Gauntlet)
  5 elephants (Gauntlet)
  2 gargoyles (Gauntlet)
  An ice devil (Gauntlet)
  4 soldier ants (Gauntlet)
  4 white imps (Gauntlet)
  A demonic plant (Gauntlet)
  8 starspawn tentacles (Gauntlet)
27 creatures vanquished.

Grand Total: 357 creatures vanquished

Notes
Turn   | Place    | Note
-------+----------+-------------------------------------------
     0 | Abyss:1  | Gargoyl the Gnoll Abyssal Knight began the quest for the
                  | Orb.
     0 | Abyss:1  | Reached XP level 1. HP: 23/23 MP: 3/3
    91 | Abyss:2  | Noticed a lich
   105 | Abyss:2  | Got a polished scale mail
   106 | D:1      | Escaped the Abyss
   117 | D:1      | Identified the +6 scale mail "Zocs" {rF+ MR+} (You found it
                  | on level 2 of the Abyss)
   233 | D:1      | Reached XP level 2. HP: 29/29 MP: 5/5
   579 | D:1      | Reached * piety under Lugonu
   685 | D:2      | You fall into a shaft and drop 2 floors!
   692 | D:4      | Noticed an ogre
   695 | D:4      | Gained mutation: You are dopey. (Int -2) [potion of
                  | mutation]
   695 | D:4      | Gained mutation: You are very dopey. (Int -4) [potion of
                  | mutation]
   695 | D:4      | Gained mutation: You have an increased reservoir of magic.
                  | (+10% MP) [potion of mutation]
   696 | D:4      | Reached XP level 3. HP: 25/35 MP: 7/7
   709 | D:4      | Killed an ogre
   709 | D:4      | Reached skill level 1 in Short Blades
   709 | D:4      | Reached skill level 1 in Long Blades
   709 | D:4      | Reached skill level 1 in Maces & Flails
   709 | D:4      | Reached skill level 1 in Polearms
   709 | D:4      | Reached skill level 1 in Staves
   709 | D:4      | Reached skill level 1 in Slings
   709 | D:4      | Reached skill level 1 in Bows
   709 | D:4      | Reached skill level 1 in Crossbows
   709 | D:4      | Reached skill level 1 in Throwing
   709 | D:4      | Reached skill level 1 in Stealth
   709 | D:4      | Reached skill level 1 in Shields
   709 | D:4      | Reached skill level 1 in Unarmed Combat
   709 | D:4      | Reached skill level 1 in Spellcasting
   709 | D:4      | Reached skill level 1 in Conjurations
   709 | D:4      | Reached skill level 1 in Hexes
   709 | D:4      | Reached skill level 1 in Summonings
   709 | D:4      | Reached skill level 1 in Necromancy
   709 | D:4      | Reached skill level 1 in Translocations
   709 | D:4      | Reached skill level 1 in Transmutations
   709 | D:4      | Reached skill level 1 in Fire Magic
   709 | D:4      | Reached skill level 1 in Ice Magic
   709 | D:4      | Reached skill level 1 in Air Magic
   709 | D:4      | Reached skill level 1 in Earth Magic
   709 | D:4      | Reached skill level 1 in Poison Magic
   709 | D:4      | Reached skill level 1 in Evocations
   709 | D:4      | Reached XP level 4. HP: 10/41 MP: 8/8
   709 | D:4      | Reached XP level 5. HP: 12/47 MP: 9/9
   945 | D:4      | Found Ycvenalu's Lightly-Used Armoury.
  1529 | D:2      | Found a shattered altar of Ashenzari.
  1764 | D:3      | Reached skill level 5 in Invocations
  1869 | D:3      | Reached XP level 6. HP: 53/53 MP: 10/10
  1880 | D:3      | Reached ** piety under Lugonu
  1999 | D:3      | Found an ornate altar of the Wu Jian Council.
  2586 | D:4      | Found a glowing silver altar of Zin.
  2587 | D:4      | Found an ancient bone altar of Kikubaaqudgha.
  2587 | D:4      | Found an iron altar of Okawaru.
  2587 | D:4      | Found a sacrificial altar of Ru.
  2704 | D:4      | Reached skill level 5 in Axes
  2704 | D:4      | Reached skill level 5 in Armour
  2711 | D:4      | Reached XP level 7. HP: 18/59 MP: 12/12
  3616 | D:5      | Entered Level 5 of the Dungeon
  3763 | D:5      | Noticed Edmund
  4190 | D:4      | Killed Edmund
  4311 | D:5      | Reached XP level 8. HP: 61/67 MP: 13/13
  4344 | D:5      | Found a staircase to the Ecumenical Temple.
  4384 | D:5      | Found a blossoming altar of Fedhas.
  4819 | D:5      | Noticed Eustachio
  4836 | D:5      | Killed Eustachio
  5249 | D:6      | Reached XP level 9. HP: 72/72 MP: 14/16
  5401 | D:6      | Reached *** piety under Lugonu
  5868 | D:6      | Reached skill level 5 in Dodging
  6975 | D:7      | Found Mickeol's Distillery.
  7144 | D:7      | Reached XP level 10. HP: 79/80 MP: 18/18
  7215 | D:7      | Found Fajofien's Assorted Antiques.
  7227 | D:7      | Reached **** piety under Lugonu
  7341 | D:7      | Reached skill level 5 in Short Blades
  7341 | D:7      | Reached skill level 5 in Long Blades
  7341 | D:7      | Reached skill level 5 in Maces & Flails
  7341 | D:7      | Reached skill level 5 in Polearms
  7341 | D:7      | Reached skill level 5 in Staves
  7341 | D:7      | Reached skill level 5 in Slings
  7341 | D:7      | Reached skill level 5 in Bows
  7341 | D:7      | Reached skill level 5 in Crossbows
  7341 | D:7      | Reached skill level 5 in Throwing
  7341 | D:7      | Reached skill level 5 in Stealth
  7341 | D:7      | Reached skill level 5 in Shields
  7341 | D:7      | Reached skill level 5 in Unarmed Combat
  7341 | D:7      | Reached skill level 5 in Spellcasting
  7341 | D:7      | Reached skill level 5 in Evocations
  7961 | D:8      | Found a shimmering altar of Xom.
  8671 | D:9      | Noticed a two-headed ogre
  8747 | D:8      | Killed a two-headed ogre
  8877 | D:9      | Noticed Grum
  8902 | D:9      | Killed Grum
  8902 | D:9      | Reached ***** piety under Lugonu
  9100 | D:9      | Noticed a two-headed ogre
  9110 | D:9      | Killed a two-headed ogre
  9255 | D:9      | Noticed a two-headed ogre
  9258 | D:9      | Reached XP level 11. HP: 87/87 MP: 21/21
  9263 | D:9      | Killed a two-headed ogre
  9267 | D:9      | Got a fine ring mail
  9278 | D:9      | Identified the cursed +1 ring mail of Hepliaklqana {Harm}
                  | (You found it on level 9 of the Dungeon)
  9331 | D:9      | Reached skill level 5 in Conjurations
  9331 | D:9      | Reached skill level 5 in Hexes
  9331 | D:9      | Reached skill level 5 in Summonings
  9331 | D:9      | Reached skill level 5 in Necromancy
  9331 | D:9      | Reached skill level 5 in Translocations
  9331 | D:9      | Reached skill level 5 in Transmutations
  9331 | D:9      | Reached skill level 5 in Fire Magic
  9331 | D:9      | Reached skill level 5 in Ice Magic
  9331 | D:9      | Reached skill level 5 in Air Magic
  9331 | D:9      | Reached skill level 5 in Earth Magic
  9331 | D:9      | Reached skill level 5 in Poison Magic
  9579 | D:9      | Found a shimmering blue altar of Sif Muna.
  9697 | D:10     | Entered Level 10 of the Dungeon
  9753 | D:10     | Identified a scroll of acquirement
  9753 | D:10     | Acquired the +5 lajatang "Kenol" {venom, rC+ Str+5 Dex+2}
 10421 | D:10     | Found a staircase to the Orcish Mines.
 10537 | D:10     | Acquired 520 gold pieces
 10830 | D:10     | Noticed Erolcha
 10843 | D:10     | Killed Erolcha
 11083 | D:11     | Noticed a white ugly thing
 11089 | D:11     | Killed a white ugly thing
 11089 | D:11     | Reached XP level 12. HP: 71/96 MP: 24/24
 11126 | D:11     | Found a staircase to the Lair.
 11145 | D:11     | Found a gate leading to a gauntlet.
 11154 | Gauntlet | Entered a Gauntlet
 11154 | Gauntlet | Found a large runed translucent door.
 11154 | Gauntlet | Found a large runed translucent door.
 11154 | Gauntlet | Found a large runed translucent door.
 11154 | Gauntlet | Found a large runed translucent door.
 11154 | Gauntlet | Found a large runed translucent door.
 11154 | Gauntlet | Found a large runed translucent door.
 11154 | Gauntlet | Found a large runed translucent door.
 11154 | Gauntlet | Found a large runed translucent door.
 11154 | Gauntlet | Found a runed translucent door.
 11154 | Gauntlet | Found a runed translucent gate.
 11154 | Gauntlet | Found a transporter.
 11154 | Gauntlet | Found a transporter.
 11154 | Gauntlet | Found a runed translucent gate.
 11154 | Gauntlet | Found a transporter.
 11154 | Gauntlet | Noticed a queen ant
 11155 | Gauntlet | Found a runed translucent door.
 11155 | Gauntlet | Found a runed translucent gate.
 11158 | Gauntlet | Found a transporter.
 11159 | Gauntlet | Found a transporter.
 11159 | Gauntlet | Found a transporter.
 11163 | Gauntlet | Corrupted Gauntlet
 11163 | Gauntlet | Noticed a starcursed mass
 11163 | Gauntlet | Noticed a tentacled starspawn
 11163 | Gauntlet | Noticed a tentacled starspawn
 11180 | Gauntlet | Found a large runed translucent door.
 11180 | Gauntlet | Found a large runed translucent door.
 11180 | Gauntlet | Found a large runed translucent door.
 11180 | Gauntlet | Found a large runed translucent door.
 11180 | Gauntlet | Killed a queen ant
 11181 | Gauntlet | Found a large runed translucent door.
 11181 | Gauntlet | Found a large runed translucent door.
 11182 | Gauntlet | Found a large runed translucent door.
 11182 | Gauntlet | Found a large runed translucent door.
 11291 | Gauntlet | Noticed a catoblepas
 11334 | Gauntlet | Found a transporter.
 11336 | Gauntlet | Found a transporter.
 11345 | Gauntlet | Killed a catoblepas
 11454 | Gauntlet | Found a transporter.
 11467 | Gauntlet | Found a transporter.
 11488 | Gauntlet | Identified the +7 broad axe of Haavoan {elec, *Noise rC-
                  | Int+3 Dex+3}
 11488 | Gauntlet | Noticed a minotaur
 11499 | Gauntlet | Mangled by a minotaur

Illustrated notes

Levels and vault maps discovered:
D:1:      grunt_arrival_lava_bath, layout_basic, serial_park_tiny_pond
D:2:      layout_loops_ring, lemuel_crystal_altar, grunt_ministairs_10
D:3:      layout_loops_ring, lemuel_crystal_altar, serial_forest,
          infiniplex_forest_lined_2, infiniplex_forest_clump_curved,
          infiniplex_forest_lined_1, infiniplex_forest_straight_2,
          infiniplex_forest_lined_3, chequers_serial_rivers_room_a
D:4:      layout_loops_ring, grunt_temple_overflow_open, minmay_shop_damaged
D:5:      layout_basic, fedhas_bush_and_centaur_altar, temple_pool_b,
          uniq_edmund, uniq_eustachio
D:6:      layout_loops_corners, minivault_14, roderic_batcave
D:7:      layout_rooms, serial_shops, nicolae_shop_trees, shop
D:8:      layout_basic, basic_altar
D:9:      layout_loops_ring, nicolae_overflow_hidden_temple, uniq_grum,
          uniq_psyche
D:10:     layout_loops_corners, kennysheep_orc_monster_closet_entryway,
          uniq_erolcha
D:11:     minmay_bubble_buster, layout_loops_cross, lair_entry_dummy,
          gauntlet_entry_generic, uniq_sonja
Gauntlet: gammafunk_gauntlet_hard_choice
          [minmay_gauntlet_arena_make_your_own_arena,
          nicolae_gauntlet_arena_grate_2, gammafunk_gauntlet_arena_chambers,
          gammafunk_gauntlet_arena_spirals, gammafunk_gauntlet_arena_open,
          gammafunk_gauntlet_arena_mazey, gauntlet_exit_watery]

Skill      XL: |  1  2  3  4  5  6  7  8  9 10 11 12 |
---------------+-------------------------------------+-----
Short Blades   | 1 2 3 4 5 6 7 |  7.1
Long Blades    | 1 2 3 4 5 6 7 |  7.1
Maces & Flails | 1 2 3 4 5 6 7 |  7.1
Polearms       | 1 2 3 4 5 6 7 |  7.1
Staves         | 1 2 3 4 5 6 7 |  7.1
Slings         | 1 2 3 4 5 6 7 |  7.1
Bows           | 1 2 3 4 5 6 7 |  7.1
Crossbows      | 1 2 3 4 5 6 7 |  7.1
Throwing       | 1 2 3 4 5 6 7 |  7.1
Stealth        | 1 2 3 4 5 6 7 |  7.1
Shields        | 1 2 3 4 5 6 7 |  7.1
Unarmed Combat | 1 2 3 4 5 6 7 |  7.1
Spellcasting   | 1 2 3 4 5 6 7 |  7.1
Conjurations   | 1 2 3 4 5 |  5.9
Hexes          | 1 2 3 4 5 |  5.9
Summonings     | 1 2 3 4 5 |  5.9
Necromancy     | 1 2 3 4 5 |  5.9
Translocations | 1 2 3 4 5 |  5.9
Transmutations | 1 2 3 4 5 |  5.9
Fire Magic     | 1 2 3 4 5 |  5.9
Ice Magic      | 1 2 3 4 5 |  5.9
Air Magic      | 1 2 3 4 5 |  5.9
Earth Magic    | 1 2 3 4 5 |  5.9
Poison Magic   | 1 2 3 4 5 |  5.9
Evocations     | 1 2 3 4 5 6 7 |  7.1
Dodging        | 3 4 5 6 7 |  7.6
Invocations    | 5 6 7 8 9 |  9.1
Axes           | 5 6 7 8 |  8.5
Armour         | 5 6 7 8 |  8.5
Fighting       | 7 8 9 |  9.7

Action                   |  1- 3 |  4- 6 |  7- 9 | 10-12 || total
-------------------------+-------+-------+-------+-------++-------
Melee: Hand axe          |    67 |   172 |    84 |       ||   323
       Bite              |     8 |    21 |    42 |    63 ||   134
       Punch             |       |     2 |       |       ||     2
       Dire flail        |       |       |   275 |   376 ||   651
       Lajatang          |       |       |       |   204 ||   204
Invok: Depart the Abyss  |     1 |       |       |       ||     1
       Corrupt           |       |       |       |     1 ||     1
  Use: Potion            |     5 |       |     1 |       ||     6
       Scroll            |     2 |     7 |     7 |     7 ||    23
 Stab: Sleeping          |     5 |     2 |       |     4 ||    11
       Invisible         |     1 |       |       |       ||     1
Armor: Scale mail        |    35 |    81 |   227 |   367 ||   710
Dodge: Dodged            |    52 |    97 |   269 |   579 ||   997

Table legend: (Time is in decaauts)
 A = Elapsed time spent in this place.
 B = Non-inter-level travel time spent in this place.
 C = Inter-level travel time spent in this place.
 D = Time resting spent in this place.
 E = Time spent auto-exploring this place.
 F = Levels seen in this place.
 G = Mean time per level.
                   A        B        C        D        E       F      G
               +--------+--------+--------+--------+--------+-----+--------+
         Total |  11591 |  11412 |    179 |   2712 |   5542 |  14 |  827.9 |
       Dungeon |  11138 |  10959 |    179 |   2692 |   5463 |  11 | 1012.5 |
         Abyss |    105 |    105 |      0 |      0 |     79 |   2 |   52.5 |
      Gauntlet |    346 |    346 |      0 |     20 |      0 |   1 |  346.0 |
               +--------+--------+--------+--------+--------+-----+--------+

Top non-repeatable levels by time:
     D:4: 2058 daAuts
     D:6: 1710 daAuts
    D:10: 1398 daAuts
     D:8: 1082 daAuts
     D:3: 980 daAuts
     D:7: 912 daAuts
     D:9: 907 daAuts
     D:5: 859 daAuts
     D:2: 584 daAuts
     D:1: 573 daAuts
Gauntlet: 346 daAuts
 Abyss:2: 102 daAuts
    D:11: 71 daAuts
 Abyss:1: 3 daAuts
